 Dungeon Sprint DCSS version 0.31-a0-988-g08d55dae12 (webtiles) character file.

Game seed: 14441330639534973221

1474 Conn the Destroyer (level 8, -24/69 HPs)
             Began as an Octopode Fire Elementalist on Nov 4, 2023.
             Was a Follower of Sif Muna.
             Engulfed by a cloud of flame (29 damage)
             ... in the Dungeon (Sprint II: "The Violet Keep of Menkaure").
             The game lasted 00:07:27 (373 turns).

Conn the Destroyer (Octopode Fire Elementalist)      Turns: 373, Time: 00:07:28

Health: -24/69     AC: 24    Str:  8    XL:     8   Next: 78%
Magic:  7/21       EV:  2    Int: 19    God:    Sif Muna [*.....]
Gold:   46         SH:  0    Dex: 12    Spells: 15/25 levels left

rFire   . . .        c - +6 spear of the Hero {protect, Fly rN+ rCorr Stlth-}
rCold   . . .        (no shield)
rNeg    + . .        (helmet currently unavailable)
rPois   +            (no amulet)
rElec   .            (no ring)
rCorr   +            (no ring)
SInv    .            (no ring)
Will    .....        (no ring)
Stlth   ++           (no ring)
HPRegen 0.31/turn    (no ring)
MPRegen 0.17/turn    (no ring)
                     (no ring)

%: no teleportation
@: tree-form (expiring), very slightly contaminated
A: stationary, stasis, torment immunity, boosted hp, almost no armour,
(amphibious), 8 rings, (camouflage 1), (gelatinous body 1), (nimble swimmer 1),
(tentacles)
a: Renounce Religion, Channel Magic


You were in the Dungeon.
You worshipped Sif Muna.
Sif Muna was aware of your devotion.
You were a tree.
You visited 1 branch You collected 243 gold pieces.
You spent 197 gold pieces at shops.

Inventory:

Hand Weapons
 c - the +6 spear of the Hero (weapon) {protect, Fly rN+ rCorr Stlth-}
   (You bought it in a shop in the Dungeon)

   rN+:       It protects you from negative energy.
   Fly:       It grants you flight.
   rCorr:     It protects you from acid and corrosion.
   Stlth-:    It makes you less stealthy.
Scrolls
 f - a scroll of blinking
Potions
 a - 2 potions of magic
 d - a potion of lignification


   Skills:
 + Level 7.3 Dodging
 - Level 6.4 Stealth
 * Level 9.4 Spellcasting
 * Level 9.5 Conjurations
 - Level 5.0 Hexes
 + Level 7.3 Fire Magic
 * Level 6.6 Invocations


You had 15 spell levels left.
You knew the following spells:

 Your Spells              Type           Power      Damage    Failure   Level
a - Foxfire               Conj/Fire      100%       2x1d9     1%          1
b - Scorch                Fire           72%        2d8       1%          2
c - Inner Flame           Hex/Fire       32%        N/A       1%          3
d - Flame Wave            Conj/Fire      41%        2d11      2%          4

Your spell library contained the following spells:

 Spells                   Type           Power      Damage    Failure   Level
 Volatile Blastmotes      Fire/Tloc      44%        2d13      5%          3


Dungeon Overview and Level Annotations

Branches:
Dungeon (1/1)

Altars:
Cheibriados
Dithmenos
Elyvilon
Fedhas
Gozag
Hepliaklqana
Kikubaaqudgha
Makhleb
Nemelex Xobeh
Okawaru
Qazlal
Ru
Sif Muna
Trog
Uskayaw
Vehumet
Wu Jian
Xom
Yredelemnul
Zin
The Shining One
Jiyva
Lugonu

Shops:
D =[:=([?!:!(!((!

Annotations:
D exclusion: oklob plant


Innate Abilities, Weirdness & Mutations

You are a tree.
Your roots penetrate the ground, keeping you stationary.
You cannot be teleported.
You are immune to unholy pain and torment.
Your maximum health is greatly increased.
You cannot wear most types of armour.
((You are amphibious.))
You can wear up to eight rings at the same time.
((Your skin changes colour to match your surroundings (Stealth+).))
((Your rubbery body absorbs attacks. (AC +1, EV +1)))
((You are camouflaged when in or above water. (Stealth+)))
((You have tentacles for arms and can constrict up to eight enemies at once.))


Message History

Flame seeps out of the polar bear.
The polar bear goes berserk!
Unknown command.
Press < or > to pray at altars.
Unknown command.
Press < or > to pray at altars.
As you read the scroll labelled QEOWNAXZOGG, it crumbles to dust.
It is a scroll of identify.
You don't currently have any unidentified items.
The polar bear is engulfed in blazing flames.
Sif Muna accepts your kill.
The polar bear explodes!
The fiery explosion engulfs the polar bear!!!
You kill the polar bear!
Sif Muna accepts your kill. The fiery explosion engulfs you!!
* * * LOW HITPOINT WARNING * * *
Training target 5.0 for Hexes reached!
Your Dodging skill increases to level 7!
Your Spellcasting skill increases to level 9!
Your Conjurations skill increases to level 9!
Your Hexes skill increases to level 5!
Your Fire Magic skill increases to level 7!
Your Invocations skill increases to level 6!
Unknown command.
Press < or > to pray at altars.
Okay, then.
Unknown command.
Press < or > to pray at altars.
Okay, then.
Unknown command.
Press < or > to pray at altars.
Unknown command.
Press < or > to pray at altars.
Okay, then.
Unknown command.
Press < or > to pray at altars.
Unknown command.
Press < or > to pray at altars.
You are engulfed in blazing flames.
You die...

...# .^.# ..## #.^# .# [!?
+# #..# +..# .#▓?"|?$ .##
#..# #..# .#▓?=![$| <.+
+..### ^.##.#▓))($)$ .##
#....###§§§##▓▓▓▓▓▓▓ +#
##......§§§§§~~~~~~~~
###~~...§.§#§########+#
#~~~~~~~..~#§♣._._..#~~
##~~§§~~~~.~#.._._._.#§~
+##~~§≈≈≈~~§~~#._._._._#~~
~~~~~~§≈≈≈§~~~#_._._._.#§~
#+++#~≈§≈≈≈≈≈~#._._._..#~~
≈≈§ ##≈≈§###§≈#_._._...#§S
§SS≈S##§§# #≈≈#._._....#§§
S≈≈≈≈≈+§§# #≈≈#_._.....#~≈
≈≈≈S§## § §≈≈##########§§


There were no monsters in sight!

Vanquished Creatures
  A yaktaur (D)
  3 polar bears (D)
  A hornet (D)
  Menkaure (D)
  4 scorpions (D)
  A hell rat (D)
11 creatures vanquished.

Vanquished Creatures (others)
  A water moccasin (D)
  28 foxfires (D)
29 creatures vanquished.

Grand Total: 40 creatures vanquished

Notes
Turn   | Place    | Note
-------+----------+-------------------------------------------
     0 | D        | Conn the Octopode Fire Elementalist began the quest for the
                  | Orb.
     0 | D        | Reached XP level 1. HP: 11/11 MP: 3/3
     1 | D        | Noticed a scorpion
     1 | D        | Noticed a scorpion
     5 | D        | Noticed a scorpion
    10 | D        | Killed a scorpion
    11 | D        | Reached XP level 2. HP: 14/17 MP: 1/7
    11 | D        | Reached XP level 3. HP: 17/21 MP: 1/8
    14 | D        | Killed a scorpion
    15 | D        | Reached skill level 5 in Stealth
    15 | D        | Reached XP level 4. HP: 18/27 MP: 1/10
    31 | D        | Killed a scorpion
    32 | D        | Reached skill level 5 in Spellcasting
    32 | D        | Reached skill level 5 in Conjurations
    32 | D        | Reached XP level 5. HP: 15/31 MP: 0/13
   131 | D        | Learned a level 2 spell: Scorch
   135 | D        | Learned a level 3 spell: Inner Flame
   140 | D        | Learned a level 4 spell: Flame Wave
   148 | D        | Reached skill level 5 in Fire Magic
   148 | D        | Reached XP level 6. HP: 35/36 MP: 5/15
   157 | D        | Killed a water moccasin
   226 | D        | Found Yqehiubb's Antique Weapon Boutique.
   226 | D        | Found Makeh's Distillery.
   226 | D        | Found Bezetola's Book Boutique.
   226 | D        | Found Joqamit's Distillery.
   226 | D        | Found Gamus's Distillery.
   227 | D        | Found Orugg's Distillery.
   227 | D        | Found Notsi's Antique Weapon Shop.
   227 | D        | Found Goat's Magic Scroll Shop.
   228 | D        | Found Qoeso Qoergh's Antique Armour Shop.
   228 | D        | Found Vumpeapi's Antique Weapon Boutique.
   228 | D        | Noticed a yak
   229 | D        | Found Yceux's Antique Weapon Boutique.
   251 | D        | Found Lawynwotz's Jewellery Shop.
   251 | D        | Noticed Menkaure
   251 | D        | Noticed an oklob plant
   251 | D        | Noticed a cane toad
   252 | D        | Noticed a yak
   253 | D        | Noticed a yak
   254 | D        | Noticed a cane toad
   256 | D        | Found Qaptecos's Antique Armour Shop.
   256 | D        | Found Besh's Jewellery Boutique.
   256 | D        | Found Zaomui's Book Shoppe.
   269 | D        | Killed Menkaure
   270 | D        | Reached skill level 5 in Dodging
   276 | D        | Bought a transparent spear for 128 gold pieces
   276 | D        | Identified the +6 spear of the Hero {protect, Fly rN+ rCorr
                  | Stlth-} (You bought it in a shop in the Dungeon)
   279 | D        | Bought a potion of lignification for 30 gold pieces
   286 | D        | Noticed an iron elemental
   319 | D        | Bought a potion of lignification for 39 gold pieces
   342 | D        | Found a glowing silver altar of Zin.
   342 | D        | Found a radiant altar of Vehumet.
   343 | D        | Found a glowing golden altar of the Shining One.
   343 | D        | Found a basalt altar of Yredelemnul.
   343 | D        | Found a hide-covered altar of Uskayaw.
   344 | D        | Found a shimmering altar of Xom.
   344 | D        | Found a bloodstained altar of Trog.
   344 | D        | Found a burning altar of Makhleb.
   345 | D        | Found an ornate altar of the Wu Jian Council.
   345 | D        | Found a shimmering blue altar of Sif Muna.
   345 | D        | Found a corrupted altar of Lugonu.
   346 | D        | Found a sacrificial altar of Ru.
   346 | D        | Found an ancient bone altar of Kikubaaqudgha.
   346 | D        | Found a white marble altar of Elyvilon.
   347 | D        | Found a stormy altar of Qazlal.
   347 | D        | Found a viscous altar of Jiyva.
   347 | D        | Found a shadowy altar of Dithmenos.
   348 | D        | Found a hazy altar of Hepliaklqana.
   348 | D        | Found a snail-covered altar of Cheibriados.
   350 | D        | Found a sparkling altar of Nemelex Xobeh.
   350 | D        | Found a blossoming altar of Fedhas.
   350 | D        | Noticed a hornet
   350 | D        | Noticed a polar bear
   350 | D        | Noticed a polar bear
   351 | D        | Found an opulent altar of Gozag.
   351 | D        | Found an iron altar of Okawaru.
   351 | D        | Noticed a yaktaur
   351 | D        | Noticed a polar bear
   354 | D        | Noticed a water moccasin
   355 | D        | Became a worshipper of Sif Muna the Loreminder
   369 | D        | Killed a yaktaur
   369 | D        | Killed a hornet
   369 | D        | Killed a polar bear
   369 | D        | Reached * piety under Sif Muna
   370 | D        | Reached skill level 5 in Invocations
   370 | D        | Reached XP level 7. HP: 25/41 MP: 8/19
   370 | D        | Reached XP level 8. HP: 28/46 MP: 8/20
   372 | D        | Killed a polar bear
   372 | D        | Killed a polar bear
   373 | D        | Reached skill level 5 in Hexes
   373 | D        | Engulfed by a cloud of flame

Illustrated notes

Levels and vault maps discovered:
D:        the_violet_keep_of_menkaure [sprint2_stairs_cluster_1,
          sprint2_shoproom, sprint2_temple, sprint2_basic_supplies,
          sprint2_obstacle_7, sprint2_obstacle_3, sprint2_obstacle_5,
          sprint2_obstacle_6, sprint2_obstacle_2, sprint2_timed_cluster_1,
          sprint2_smallroom_cluster_1, sprint2_smallroom_final_cluster_1,
          sprint2_transparent_cluster_1, sprint2_second_timed_cluster_1,
          sprint2_sniper_area_1, sprint2_heavy_combat_area_1,
          sprint2_mutation_trap_area_1, sprint2_forest_area_1,
          sprint2_light_combat_area_1, sprint2_behind_water_1,
          sprint2_near_end_vault_1]

Skill      XL: |  1  2  3  4  5  6  7  8 |
---------------+-------------------------+-----
Dodging        | 3 4 6 7 |  7.3
Stealth        | 4 5 6 |  6.4
Spellcasting   | 4 5 6 8 9 |  9.4
Conjurations   | 3 4 5 6 8 9 |  9.5
Fire Magic     | 4 5 6 7 |  7.3
Hexes          | 2 4 5 |  5.0
Invocations    | 5 6 |  6.6

Action                     |  1- 3 |  4- 6 |  7- 9 || total
---------------------------+-------+-------+-------++-------
  Melee: Unarmed           |     6 |     9 |       ||    15
         Constrict         |     2 |     1 |       ||     3
         Tentacles         |     2 |       |       ||     2
   Cast: Foxfire           |     2 |    14 |       ||    16
         Scorch            |       |    11 |       ||    11
         Inner Flame       |       |     2 |       ||     2
         Flame Wave        |       |     1 |       ||     1
    Use: Potion            |     1 |     5 |       ||     6
         Scroll            |       |       |     1 ||     1
 Armour: Skin              |     1 |    34 |     5 ||    40
  Dodge: Dodged            |     2 |    20 |       ||    22

Table legend: (Time is in decaauts)
 A = Elapsed time spent in this place.
 B = Non-inter-level travel time spent in this place.
 C = Inter-level travel time spent in this place.
 D = Time resting spent in this place.
 E = Time spent auto-exploring this place.
 F = Levels seen in this place.
 G = Mean time per level.
                   A        B        C        D        E       F      G
               +--------+--------+--------+--------+--------+-----+--------+
         Total |    367 |    367 |      0 |    148 |      0 |   1 |  367.0 |
       Dungeon |    367 |    367 |      0 |    148 |      0 |   1 |  367.0 |
               +--------+--------+--------+--------+--------+-----+--------+

Top non-repeatable levels by time:
       D: 367 daAuts
